Sabres vs Canucks
Created - 8 mai 2013 at 23:43
Goals
|
| Sabres |
0 |
1 |
0 |
1 |
| Canucks |
1 |
1 |
1 |
3 |
|
Shots
|
| Sabres |
8 |
7 |
14 |
29 |
| Canucks |
11 |
13 |
14 |
38 |
|
1st period
1. Canucks , Scott Niedermayer 10 (Peter Worrell, Carey Price) at 16:38 (PP)
Penalties :
Tomas Kopecky (Buf) for Diving (Minor) at 9:07, Dominic Moore (Buf) for Hooking (Minor) at 16:28
2nd period
2. Canucks , Matt Stajan 21 (Jaromir Jagr, Scott Niedermayer) at 5:23
3. Sabres , Kyle Calder 7 (Tomas Kopecky, Ole-Kristian Tollefsen) at 8:40
Penalties :
Daniel Cleary (Buf) for Tripping (Minor) at 1:51, Scott Niedermayer (Van) for Interference (Minor) at 5:44, Tomas Kopecky (Buf) for Interference (Minor) at 14:52
3rd period
4. Canucks , Mark Streit 16 (Jaromir Jagr, Matt Stajan) at 15:26 (PP)
Penalties :
Peter Worrell (Van) for Tripping (Minor) at 1:11, Scott Niedermayer (Van) for Hooking (Minor) at 6:11, Dan McGillis (Buf) for Hooking (Minor) at 15:18, Jaromir Jagr (Van) for Slashing (Minor) at 18:46
Goalie Stats
Niklas Backstrom (Buf), 35 saves from 38 shots - (0,921), L, 35-34-7, 60:00 minutes
Carey Price (Van), 28 saves from 29 shots - (0,966), W, 34-18-5, 60:00 minutes
Players Stats for Sabres
Player Name G A P +/- PIM S H SB GA TA FO MP PP MP PK MP
------------------------------------------------------------------------------------
Boyd Devereaux 0 0 0 0 0 0 0 0 0 0 4/5 9:18 0:00 0:11
Brendan Morrison 0 0 0 0 0 0 3 1 1 0 1/6 16:34 3:06 1:36
Chris Simon 0 0 0 0 0 2 0 1 0 0 0/0 19:25 3:05 2:31
Dan McGillis 0 0 0 0 2 1 1 1 1 0 0/0 20:01 3:14 2:33
Daniel Cleary 0 0 0 -1 2 1 0 0 0 0 1/3 19:04 3:31 0:00
Dominic Moore 0 0 0 1 2 0 1 0 0 0 1/3 12:33 0:29 0:00
Jason Smith 0 0 0 -1 0 3 3 2 0 3 0/0 28:30 3:56 3:28
Kyle Calder 1 0 1 1 0 3 2 0 2 0 0/0 12:39 0:33 0:09
Markus Naslund 0 0 0 -1 0 4 0 1 0 0 1/2 21:34 3:31 3:28
Mats Sundin 0 0 0 -1 0 4 2 0 1 1 15/36 24:48 3:36 3:29
Mattias Timander 0 0 0 1 0 0 1 0 0 0 0/0 11:09 0:00 0:14
Michal Rozsival 0 0 0 -1 0 1 0 0 0 2 0/0 24:47 3:56 3:28
Niclas Bergfors 0 0 0 0 0 4 0 0 0 0 0/0 15:18 3:06 0:00
Niclas Havelid 0 0 0 1 0 0 0 0 0 1 0/0 10:52 0:00 0:00
Ole-Kristian Tollefsen 0 1 1 0 0 4 0 3 0 0 0/0 19:50 3:14 2:33
Sean Avery 0 0 0 0 0 1 2 0 0 0 0/1 8:16 0:00 1:06
Stanislav Neckar 0 0 0 0 0 0 0 0 0 0 0/0 4:50 0:00 0:14
Tomas Kopecky 0 1 1 1 4 1 0 0 0 0 1/2 14:12 0:33 0:00
Players Stats for Canucks
Player Name G A P +/- PIM S H SB GA TA FO MP PP MP PK MP
------------------------------------------------------------------------------------
Brent Sopel 0 0 0 0 0 2 0 0 0 0 0/0 19:36 2:53 2:31
Chris Campoli 0 0 0 -1 0 1 0 1 0 1 0/0 12:58 0:00 0:07
Clarke MacArthur 0 0 0 0 0 5 2 0 0 0 0/0 17:06 2:40 2:24
Daniel Paille 0 0 0 -1 0 2 1 1 0 1 0/0 10:11 0:00 0:57
David Jones 0 0 0 0 0 2 1 0 0 0 0/1 10:42 0:05 0:00
Derian Hatcher 0 0 0 0 0 0 0 2 0 0 0/0 19:51 2:53 2:19
Erik Christensen 0 0 0 -1 0 4 1 0 0 0 0/4 10:54 0:00 1:16
Fabian Brunnstrom 0 0 0 0 0 1 1 0 2 0 0/0 11:17 0:05 0:11
Jaromir Jagr 0 2 2 1 2 4 1 0 0 0 3/3 20:48 3:30 2:34
Jiri Hudler 0 0 0 0 0 2 0 0 0 0 10/13 14:15 2:40 0:00
Johnny Boychuk 0 0 0 -1 0 1 0 1 0 0 0/0 14:43 0:00 2:19
Jonas Hoglund 0 0 0 0 0 0 2 1 2 0 0/1 15:12 2:40 0:57
Mark Streit 1 0 1 1 0 1 2 2 2 1 0/0 27:45 3:22 4:51
Matt Stajan 1 1 2 1 0 5 1 1 0 2 15/22 17:48 3:30 0:00
Peter Worrell 0 1 1 1 2 3 2 2 0 0 1/2 21:30 3:30 3:19
Rickard Wallin 0 0 0 0 0 0 1 0 1 0 3/7 10:24 0:00 0:00
Scott Niedermayer 1 1 2 1 4 4 2 2 0 0 0/0 26:01 3:22 2:13
Sheldon Keefe 0 0 0 -1 0 1 3 0 0 0 2/5 11:45 0:05 2:42
3 Stars
1 - Carey Price (Van)
2 - Matt Stajan (Van)
3 - Mark Streit (Van)
Power Play
Sabres - 0 on 4 Attempt(s) - 0,00%
Canucks - 2 on 5 Attempt(s) - 40,00%
Penalty Kill
Sabres - 3 on 5 Attempt(s) - 60,00%
- Score 0 goal in Penalty Kill
Canucks - 4 on 4 Attempt(s) - 100,00%
- Score 0 goal in Penalty Kill
Official
Referees : Meier Brad and Kimmerly Greg
Linesman : Jay Sharrers and Mark Pare
Game Notes
No Game Note
Finance
Level 1 -- Attendance: 4276 (71,27%) -- Ticket Income 423 324 $
Level 2 -- Attendance: 4861 (97,22%) -- Ticket Income 252 772 $
Level 3 -- Attendance: 1980 (99,00%) -- Ticket Income 59 400 $
Level 4 -- Attendance: 4000 (100,00%) -- Ticket Income 68 000 $
Luxury Box -- Attendance: 1000 (100,00%) -- Ticket Income 100 000 $
Game was played at the Budweiser Coliseum
Total Attendance: 16117 (89,54%)
Total Ticket Income: 903 496 $
Other Income: 45 175 $
Total Income: 948 671 $
Sabres
5 vs 5 Forward
Center Left Wing Right Wing Time % Phy DF OF
1 Mats Sundin Markus Naslund Daniel Cleary 40 1 2 2
2 Brendan Morrison Chris Simon Niclas Bergfors 30 1 2 2
3 Dominic Moore Kyle Calder Tomas Kopecky 20 1 2 2
4 Boyd Devereaux Sean Avery Mats Sundin 10 1 2 2
5 vs 5 Defense
Defense Defense Time % Phy DF OF
1 Jason Smith Michal Rozsival 40 1 2 2
2 Dan McGillis Ole-Kristian Tollefsen 30 1 2 2
3 Niclas Havelid Mattias Timander 20 1 2 2
4 Stanislav Neckar Jason Smith 10 1 2 2
PowerPlay Forward
Center Left Wing Right Wing Time % Phy DF OF
1 Mats Sundin Markus Naslund Daniel Cleary 60 1 2 2
2 Brendan Morrison Chris Simon Niclas Bergfors 40 1 2 2
PowerPlay Defense
Defense Defense Time % Phy DF OF
1 Jason Smith Michal Rozsival 60 1 2 2
2 Dan McGillis Ole-Kristian Tollefsen 40 1 2 2
Penalty Kill 4 Players Forward
Center Wing Time % Phy DF OF
1 Mats Sundin Markus Naslund 60 1 2 2
2 Brendan Morrison Chris Simon 40 1 2 2
Penalty Kill 4 Players Defense
Defense Defense Time % Phy DF OF
1 Jason Smith Michal Rozsival 60 1 2 2
2 Dan McGillis Ole-Kristian Tollefsen 40 1 2 2
Penalty Kill - 3 Players Forward
Forward Time % Phy DF OF
1 Mats Sundin 60 1 2 2
2 Markus Naslund 40 1 2 2
Penalty Kill - 3 Players Defense
Defense Defense Time % Phy DF OF
1 Jason Smith Michal Rozsival 60 1 2 2
2 Dan McGillis Ole-Kristian Tollefsen 40 1 2 2
4 vs 4 Forward
Center Wing Time % Phy DF OF
1 Mats Sundin Markus Naslund 60 1 2 2
2 Brendan Morrison Chris Simon 40 1 2 2
4 vs 4 Defense
Defense Defense Time % Phy DF OF
1 Jason Smith Michal Rozsival 60 1 2 2
2 Dan McGillis Ole-Kristian Tollefsen 40 1 2 2
Last Minutes Offensive
Center Left Wing Right Wing Defense Defense
Mats Sundin Markus Naslund Daniel Cleary Jason Smith Michal Rozsival
Last Minutes Defensive
Center Left Wing Right Wing Defense Defense
Mats Sundin Markus Naslund Daniel Cleary Jason Smith Michal Rozsival
Goaltenders
Starting : Niklas Backstrom
Backup : Vesa Toskala
Extra Forwards
Normal : Dominic Moore, Kyle Calder, Sean Avery - PP : Dominic Moore, Kyle Calder - PK : Sean Avery
Extra Defensemen
Normal : Niclas Havelid, Mattias Timander, Stanislav Neckar - PP : Niclas Havelid - PK : Mattias Timander, Stanislav Neckar
Penalty Shots
Mats Sundin, Markus Naslund, Brendan Morrison, Chris Simon, Dominic Moore
Canucks
5 vs 5 Forward
Center Left Wing Right Wing Time % Phy DF OF
1 Matt Stajan Peter Worrell Jaromir Jagr 40 1 2 2
2 Jiri Hudler Clarke MacArthur Jonas Hoglund 30 1 2 2
3 Rickard Wallin Fabian Brunnstrom David Jones 20 1 2 2
4 Erik Christensen Daniel Paille Sheldon Keefe 10 1 2 2
5 vs 5 Defense
Defense Defense Time % Phy DF OF
1 Scott Niedermayer Mark Streit 40 1 2 2
2 Derian Hatcher Brent Sopel 30 1 2 2
3 Chris Campoli Johnny Boychuk 20 1 2 2
4 Scott Niedermayer Mark Streit 10 1 2 2
PowerPlay Forward
Center Left Wing Right Wing Time % Phy DF OF
1 Matt Stajan Peter Worrell Jaromir Jagr 60 1 2 2
2 Jiri Hudler Clarke MacArthur Jonas Hoglund 40 1 2 2
PowerPlay Defense
Defense Defense Time % Phy DF OF
1 Scott Niedermayer Mark Streit 60 1 2 2
2 Derian Hatcher Brent Sopel 40 1 2 2
Penalty Kill 4 Players Forward
Center Wing Time % Phy DF OF
1 Jaromir Jagr Peter Worrell 60 1 2 2
2 Jonas Hoglund Clarke MacArthur 40 1 2 2
Penalty Kill 4 Players Defense
Defense Defense Time % Phy DF OF
1 Scott Niedermayer Mark Streit 60 1 2 2
2 Derian Hatcher Brent Sopel 40 1 2 2
Penalty Kill - 3 Players Forward
Forward Time % Phy DF OF
1 Jaromir Jagr 60 1 2 2
2 Peter Worrell 40 1 2 2
Penalty Kill - 3 Players Defense
Defense Defense Time % Phy DF OF
1 Scott Niedermayer Mark Streit 60 1 2 2
2 Derian Hatcher Brent Sopel 40 1 2 2
4 vs 4 Forward
Center Wing Time % Phy DF OF
1 Jaromir Jagr Peter Worrell 60 1 2 2
2 Jonas Hoglund Clarke MacArthur 40 1 2 2
4 vs 4 Defense
Defense Defense Time % Phy DF OF
1 Scott Niedermayer Mark Streit 60 1 2 2
2 Derian Hatcher Brent Sopel 40 1 2 2
Last Minutes Offensive
Center Left Wing Right Wing Defense Defense
Matt Stajan Peter Worrell Jaromir Jagr Scott Niedermayer Mark Streit
Last Minutes Defensive
Center Left Wing Right Wing Defense Defense
Matt Stajan Peter Worrell Jaromir Jagr Scott Niedermayer Mark Streit
Goaltenders
Starting : Carey Price
Backup : Brian Boucher
Extra Forwards
Normal : David Jones, Fabian Brunnstrom, Sheldon Keefe - PP : David Jones, Fabian Brunnstrom - PK : Sheldon Keefe
Extra Defensemen
Normal : Chris Campoli, Johnny Boychuk, Derian Hatcher - PP : Chris Campoli - PK : Johnny Boychuk, Derian Hatcher
Penalty Shots
Jaromir Jagr, Peter Worrell, Jonas Hoglund, Clarke MacArthur, Matt Stajan
% Time on Ice - Sabres
Lines # - Real PCT - Wanted PCT - Time Play
Normal Forward
1 - 37% - 40% - 17:14
2 - 25% - 30% - 11:52
3 - 25% - 20% - 11:36
4 - 13% - 10% - 5:53
Normal Defense
1 - 37% - 40% - 17:23
2 - 30% - 30% - 14:06
3 - 23% - 20% - 10:52
4 - 9% - 10% - 4:14
PP Forward
1 - 57% - 60% - 4:04
2 - 43% - 40% - 3:06
PP Defense
1 - 55% - 60% - 3:56
2 - 45% - 40% - 3:14
PK Forward
1 - 74% - 60% - 4:39
2 - 26% - 40% - 1:36
PK Defense
1 - 55% - 60% - 3:28
2 - 45% - 40% - 2:47
PK3 Forward
1 - 0% - 60%
2 - 0% - 40%
PK3 Defense
1 - 0% - 60%
2 - 0% - 40%
44 Forward
1 - 0% - 60%
2 - 0% - 40%
44 Defense
1 - 0% - 60%
2 - 0% - 40%
Last Minute Offensive - 0:00
Last Minute Defensive - 0:00
Total
Forward - 60:00
Defense - 60:00
|
% Time on Ice - Canucks
Lines # - Real PCT - Wanted PCT - Time Play
Normal Forward
1 - 34% - 40% - 15:51
2 - 25% - 30% - 11:35
3 - 22% - 20% - 10:24
4 - 19% - 10% - 8:45
Normal Defense
1 - 40% - 40% - 18:26
2 - 30% - 30% - 14:12
3 - 27% - 20% - 12:24
4 - 3% - 10% - 1:33
PP Forward
1 - 57% - 60% - 3:35
2 - 43% - 40% - 2:40
PP Defense
1 - 54% - 60% - 3:22
2 - 46% - 40% - 2:53
PK Forward
1 - 87% - 60% - 6:13
2 - 13% - 40% - 0:57
PK Defense
1 - 69% - 60% - 4:58
2 - 31% - 40% - 2:12
PK3 Forward
1 - 0% - 60%
2 - 0% - 40%
PK3 Defense
1 - 0% - 60%
2 - 0% - 40%
44 Forward
1 - 0% - 60%
2 - 0% - 40%
44 Defense
1 - 0% - 60%
2 - 0% - 40%
Last Minute Offensive - 0:00
Last Minute Defensive - 0:00
Total
Forward - 60:00
Defense - 60:00
|
Play by Play
1st period
0:01 of 1st period - Matt Stajan wins face-off versus Mats Sundin in neutral zone.
0:54 of 1st period - Snap shot by Clarke MacArthur.
0:54 of 1st period - Shot Misses the Net.
0:56 of 1st period - Wrist shot by Clarke MacArthur.
0:56 of 1st period - Shot Misses the Net.
0:58 of 1st period - Slapshot by Johnny Boychuk.
0:58 of 1st period - Shot Misses the Net.
1:10 of 1st period - Snap shot by Boyd Devereaux.
1:10 of 1st period - Deflect By Mats Sundin.
1:10 of 1st period - Shot Blocked by Johnny Boychuk.
1:10 of 1st period - Puck is out of play.
1:11 of 1st period - Boyd Devereaux wins face-off versus Rickard Wallin in Canucks zone.
1:18 of 1st period - Slapshot by Sean Avery.
1:18 of 1st period - Stopped by Carey Price without a rebound.
1:19 of 1st period - Mats Sundin wins face-off versus Erik Christensen in Canucks zone.
1:27 of 1st period - Mark Streit is hit by Mattias Timander and loses puck.
1:58 of 1st period - Wrist shot by Brendan Morrison.
1:58 of 1st period - Shot Blocked by Scott Niedermayer.
2:54 of 1st period - Slapshot by Sheldon Keefe.
2:54 of 1st period - Shot Blocked by Brendan Morrison.
3:29 of 1st period - Off-side.
3:30 of 1st period - Matt Stajan wins face-off versus Dominic Moore in neutral zone.
3:41 of 1st period - Wrist shot by Matt Stajan.
3:41 of 1st period - Shot Misses the Net.
3:43 of 1st period - Snap shot by Matt Stajan.
3:43 of 1st period - Stopped by Niklas Backstrom without a rebound.
3:44 of 1st period - Mats Sundin wins face-off versus Jiri Hudler in Sabres zone.
3:51 of 1st period - Slapshot by Markus Naslund.
3:51 of 1st period - Shot Blocked by Chris Campoli.
4:43 of 1st period - Snap shot by Niclas Bergfors.
4:43 of 1st period - Stopped by Carey Price without a rebound.
4:44 of 1st period - Dominic Moore wins face-off versus Jiri Hudler in Canucks zone.
4:47 of 1st period - Slapshot by Kyle Calder.
4:47 of 1st period - Stopped by Carey Price with a rebound.
5:09 of 1st period - Jason Smith is hit by Scott Niedermayer.
5:26 of 1st period - Icing by Jason Smith.
5:27 of 1st period - Boyd Devereaux wins face-off versus Erik Christensen in Sabres zone.
5:57 of 1st period - Icing by Peter Worrell.
5:58 of 1st period - Jaromir Jagr wins face-off versus Mats Sundin in Canucks zone.
6:07 of 1st period - Snap shot by Mats Sundin.
6:07 of 1st period - Shot Blocked by Matt Stajan.
6:11 of 1st period - Snap shot by Markus Naslund.
6:11 of 1st period - Stopped by Carey Price without a rebound.
6:12 of 1st period - Jiri Hudler wins face-off versus Mats Sundin in Canucks zone.
7:06 of 1st period - Wrist shot by Fabian Brunnstrom.
7:06 of 1st period - Shot Blocked by Ole-Kristian Tollefsen.
7:08 of 1st period - Snap shot by Fabian Brunnstrom.
7:08 of 1st period - Shot Blocked by Dan McGillis.
7:10 of 1st period - Snap shot by Fabian Brunnstrom.
7:10 of 1st period - Stopped by Niklas Backstrom without a rebound.
7:11 of 1st period - Mats Sundin wins face-off versus Jiri Hudler in Sabres zone.
7:18 of 1st period - Slapshot by Markus Naslund.
7:18 of 1st period - Stopped by Carey Price with a rebound.
7:22 of 1st period - Snap shot by Markus Naslund.
7:22 of 1st period - Shot Misses the Net.
7:24 of 1st period - Slapshot by Dan McGillis.
7:24 of 1st period - Stopped by Carey Price with a rebound.
7:26 of 1st period - Snap shot by Markus Naslund.
7:26 of 1st period - Stopped by Carey Price with a rebound.
7:36 of 1st period - Chris Simon is hit by Peter Worrell and loses puck.
7:45 of 1st period - Wrist shot by Niclas Bergfors.
7:45 of 1st period - Stopped by Carey Price with a rebound.
8:01 of 1st period - Wrist shot by Rickard Wallin.
8:01 of 1st period - Shot Misses the Net.
8:19 of 1st period - Backhand shot by Erik Christensen.
8:19 of 1st period - Stopped by Niklas Backstrom without a rebound.
8:20 of 1st period - Mats Sundin wins face-off versus Erik Christensen in Sabres zone.
8:35 of 1st period - Snap shot by Scott Niedermayer.
8:35 of 1st period - Stopped by Niklas Backstrom with a rebound.
8:47 of 1st period - Clarke MacArthur is hit by Brendan Morrison and loses puck.
9:07 of 1st period - Minor Penalty to Tomas Kopecky for Diving.
9:08 of 1st period - Mats Sundin wins face-off versus Matt Stajan in Sabres zone.
9:14 of 1st period - Icing by Brent Sopel.
9:15 of 1st period - Matt Stajan wins face-off versus Mats Sundin in Canucks zone.
9:19 of 1st period - Off-side.
9:20 of 1st period - Matt Stajan wins face-off versus Mats Sundin in neutral zone.
11:07 of 1st period - Penalty to Tomas Kopecky is over, Tomas Kopecky is back on ice.
11:42 of 1st period - Snap shot by Sheldon Keefe.
11:42 of 1st period - Stopped by Niklas Backstrom with a rebound.
12:19 of 1st period - Scott Niedermayer is hit by Mats Sundin and loses puck.
14:29 of 1st period - Scott Niedermayer is hit by Kyle Calder and loses puck.
16:06 of 1st period - Chris Campoli is hit by Sean Avery and loses puck.
16:25 of 1st period - Slapshot by Erik Christensen.
16:25 of 1st period - Stopped by Niklas Backstrom with a rebound.
16:28 of 1st period - Minor Penalty to Dominic Moore for Hooking.
16:29 of 1st period - Mats Sundin wins face-off versus Matt Stajan in Sabres zone.
16:38 of 1st period - Slapshot by Scott Niedermayer.
16:38 of 1st period - Goal by Scott Niedermayer - Sabres : 0 - Canucks : 1.
16:39 of 1st period - Mats Sundin wins face-off versus Matt Stajan in neutral zone.
16:42 of 1st period - Slapshot by Michal Rozsival.
16:42 of 1st period - Shot Blocked by Mark Streit.
16:54 of 1st period - Snap shot by Jaromir Jagr.
16:54 of 1st period - Shot Misses the Net.
17:10 of 1st period - Dan McGillis is hit by Jonas Hoglund and loses puck.
17:39 of 1st period - Snap shot by Kyle Calder.
17:39 of 1st period - Shot Misses the Net.
17:53 of 1st period - Mats Sundin is hit by Matt Stajan and loses puck.
17:58 of 1st period - Slapshot by Jaromir Jagr.
17:58 of 1st period - Deflect By Peter Worrell.
17:58 of 1st period - Stopped by Niklas Backstrom with a rebound.
18:00 of 1st period - Slapshot by Chris Campoli.
18:00 of 1st period - Stopped by Niklas Backstrom with a rebound.
18:02 of 1st period - Snap shot by Jaromir Jagr.
18:02 of 1st period - Stopped by Niklas Backstrom with a rebound.
18:50 of 1st period - Slapshot by Clarke MacArthur.
18:50 of 1st period - Stopped by Niklas Backstrom without a rebound.
18:51 of 1st period - Jiri Hudler wins face-off versus Brendan Morrison in Sabres zone.
2nd period
0:01 of 2nd period - Matt Stajan wins face-off versus Mats Sundin in neutral zone.
0:04 of 2nd period - Slapshot by Scott Niedermayer.
0:04 of 2nd period - Shot Misses the Net.
0:08 of 2nd period - Slapshot by Jaromir Jagr.
0:08 of 2nd period - Stopped by Niklas Backstrom with a rebound.
0:10 of 2nd period - Slapshot by Scott Niedermayer.
0:10 of 2nd period - Deflect By Peter Worrell.
0:10 of 2nd period - Stopped by Niklas Backstrom without a rebound.
0:11 of 2nd period - Matt Stajan wins face-off versus Mats Sundin in Sabres zone.
0:57 of 2nd period - Dominic Moore is hit by Scott Niedermayer and loses puck.
1:02 of 2nd period - Wrist shot by Erik Christensen.
1:02 of 2nd period - Stopped by Niklas Backstrom without a rebound.
1:03 of 2nd period - Mats Sundin wins face-off versus Erik Christensen in Sabres zone.
1:09 of 2nd period - Off-side.
1:10 of 2nd period - Matt Stajan wins face-off versus Markus Naslund in neutral zone.
1:44 of 2nd period - Snap shot by Clarke MacArthur.
1:44 of 2nd period - Stopped by Niklas Backstrom without a rebound.
1:45 of 2nd period - Matt Stajan wins face-off versus Mats Sundin in Sabres zone.
1:51 of 2nd period - Minor Penalty to Daniel Cleary for Tripping.
1:52 of 2nd period - Mats Sundin wins face-off versus Peter Worrell in Sabres zone.
2:45 of 2nd period - Icing by Brent Sopel.
2:46 of 2nd period - Jiri Hudler wins face-off versus Mats Sundin in Canucks zone.
3:13 of 2nd period - Snap shot by Matt Stajan.
3:13 of 2nd period - Shot Misses the Net.
3:51 of 2nd period - Penalty to Daniel Cleary is over, Daniel Cleary is back on ice.
3:56 of 2nd period - Daniel Cleary is hit by David Jones and loses puck.
5:01 of 2nd period - Snap shot by David Jones.
5:01 of 2nd period - Stopped by Niklas Backstrom without a rebound.
5:02 of 2nd period - Matt Stajan wins face-off versus Sean Avery in Sabres zone.
5:09 of 2nd period - Snap shot by Peter Worrell.
5:09 of 2nd period - Stopped by Niklas Backstrom without a rebound.
5:10 of 2nd period - Matt Stajan wins face-off versus Mats Sundin in Sabres zone.
5:23 of 2nd period - Snap shot by Matt Stajan.
5:23 of 2nd period - Goal by Matt Stajan - Sabres : 0 - Canucks : 2.
5:24 of 2nd period - Matt Stajan wins face-off versus Daniel Cleary in neutral zone.
5:44 of 2nd period - Minor Penalty to Scott Niedermayer for Interference.
5:45 of 2nd period - Jaromir Jagr wins face-off versus Mats Sundin in Canucks zone.
7:44 of 2nd period - Penalty to Scott Niedermayer is over, Scott Niedermayer is back on ice.
8:10 of 2nd period - Slapshot by Jason Smith.
8:10 of 2nd period - Stopped by Carey Price without a rebound.
8:11 of 2nd period - Boyd Devereaux wins face-off versus David Jones in Canucks zone.
8:20 of 2nd period - Wrist shot by Niclas Bergfors.
8:20 of 2nd period - Shot Misses the Net.
8:34 of 2nd period - Snap shot by Tomas Kopecky.
8:34 of 2nd period - Shot Misses the Net.
8:36 of 2nd period - Snap shot by Tomas Kopecky.
8:36 of 2nd period - Stopped by Carey Price with a rebound.
8:38 of 2nd period - Snap shot by Kyle Calder.
8:38 of 2nd period - Shot Blocked by Daniel Paille.
8:40 of 2nd period - Snap shot by Kyle Calder.
8:40 of 2nd period - Goal by Kyle Calder - Sabres : 1 - Canucks : 2.
8:41 of 2nd period - Jiri Hudler wins face-off versus Mats Sundin in neutral zone.
9:14 of 2nd period - Slapshot by Matt Stajan.
9:14 of 2nd period - Stopped by Niklas Backstrom with a rebound.
9:38 of 2nd period - Snap shot by Boyd Devereaux.
9:38 of 2nd period - Deflect By Mats Sundin.
9:38 of 2nd period - Stopped by Carey Price without a rebound.
9:39 of 2nd period - Jiri Hudler wins face-off versus Brendan Morrison in Canucks zone.
9:52 of 2nd period - Wrist shot by Jonas Hoglund.
9:52 of 2nd period - Shot Blocked by Jason Smith.
9:54 of 2nd period - Slapshot by Jiri Hudler.
9:54 of 2nd period - Stopped by Niklas Backstrom with a rebound.
10:04 of 2nd period - Matt Stajan is hit by Jason Smith.
10:12 of 2nd period - Slapshot by Jaromir Jagr.
10:12 of 2nd period - Stopped by Niklas Backstrom with a rebound.
10:29 of 2nd period - Brent Sopel is hit by Dominic Moore and loses puck.
10:50 of 2nd period - Michal Rozsival is hit by Clarke MacArthur and loses puck.
12:09 of 2nd period - Wrist shot by Niclas Bergfors.
12:09 of 2nd period - Shot Misses the Net.
13:10 of 2nd period - Snap shot by Sheldon Keefe.
13:10 of 2nd period - Shot Misses the Net.
14:08 of 2nd period - Snap shot by Matt Stajan.
14:08 of 2nd period - Stopped by Niklas Backstrom with a rebound.
14:10 of 2nd period - Slapshot by Johnny Boychuk.
14:10 of 2nd period - Shot Blocked by Markus Naslund.
14:12 of 2nd period - Slapshot by Johnny Boychuk.
14:12 of 2nd period - Stopped by Niklas Backstrom with a rebound.
14:52 of 2nd period - Minor Penalty to Tomas Kopecky for Interference.
14:53 of 2nd period - Matt Stajan wins face-off versus Mats Sundin in Sabres zone.
15:51 of 2nd period - Wrist shot by Chris Simon.
15:51 of 2nd period - Stopped by Carey Price with a rebound.
15:53 of 2nd period - Slapshot by Ole-Kristian Tollefsen.
15:53 of 2nd period - Shot Misses the Net.
16:52 of 2nd period - Penalty to Tomas Kopecky is over, Tomas Kopecky is back on ice.
16:53 of 2nd period - Mattias Timander is hit by Sheldon Keefe and loses puck.
17:00 of 2nd period - Chris Simon is hit by Sheldon Keefe and loses puck.
17:19 of 2nd period - Daniel Paille is hit by Dan McGillis and loses puck.
17:43 of 2nd period - Chris Simon is hit by Erik Christensen and loses puck.
18:06 of 2nd period - Wrist shot by Sheldon Keefe.
18:06 of 2nd period - Shot Misses the Net.
18:22 of 2nd period - Boyd Devereaux is hit by Sheldon Keefe and loses puck.
18:31 of 2nd period - Snap shot by Erik Christensen.
18:31 of 2nd period - Shot Misses the Net.
18:47 of 2nd period - Michal Rozsival is hit by Daniel Paille and loses puck.
19:02 of 2nd period - Slapshot by Michal Rozsival.
19:02 of 2nd period - Deflect By Scott Niedermayer.
19:02 of 2nd period - Stopped by Carey Price without a rebound.
19:03 of 2nd period - Matt Stajan wins face-off versus Mats Sundin in Canucks zone.
19:10 of 2nd period - Ole-Kristian Tollefsen is hit by Peter Worrell.
19:14 of 2nd period - Slapshot by Dan McGillis.
19:14 of 2nd period - Shot Blocked by Peter Worrell.
19:16 of 2nd period - Snap shot by Ole-Kristian Tollefsen.
19:16 of 2nd period - Stopped by Carey Price with a rebound.
19:18 of 2nd period - Slapshot by Dan McGillis.
19:18 of 2nd period - Shot Misses the Net.
19:37 of 2nd period - Snap shot by Clarke MacArthur.
19:37 of 2nd period - Stopped by Niklas Backstrom with a rebound.
19:53 of 2nd period - Derian Hatcher is hit by Sean Avery.
3rd period
0:01 of 3rd period - Mats Sundin wins face-off versus Matt Stajan in neutral zone.
0:08 of 3rd period - Slapshot by Jason Smith.
0:08 of 3rd period - Stopped by Carey Price with a rebound.
0:19 of 3rd period - Scott Niedermayer is hit by Jason Smith and loses puck.
0:26 of 3rd period - Mats Sundin is hit by Mark Streit and loses puck.
1:11 of 3rd period - Minor Penalty to Peter Worrell for Tripping.
1:12 of 3rd period - Brendan Morrison wins face-off versus Jonas Hoglund in Canucks zone.
1:13 of 3rd period - Wrist shot by Niclas Bergfors.
1:13 of 3rd period - Stopped by Carey Price with a rebound.
1:15 of 3rd period - Wrist shot by Brendan Morrison.
1:15 of 3rd period - Shot Misses the Net.
1:17 of 3rd period - Wrist shot by Chris Simon.
1:17 of 3rd period - Stopped by Carey Price with a rebound.
1:19 of 3rd period - Snap shot by Brendan Morrison.
1:19 of 3rd period - Shot Misses the Net.
1:21 of 3rd period - Backhand shot by Ole-Kristian Tollefsen.
1:21 of 3rd period - Stopped by Carey Price with a rebound.
1:23 of 3rd period - Slapshot by Ole-Kristian Tollefsen.
1:23 of 3rd period - Stopped by Carey Price with a rebound.
1:25 of 3rd period - Snap shot by Brendan Morrison.
1:25 of 3rd period - Shot Blocked by Jonas Hoglund.
1:27 of 3rd period - Slapshot by Ole-Kristian Tollefsen.
1:27 of 3rd period - Stopped by Carey Price with a rebound.
3:11 of 3rd period - Penalty to Peter Worrell is over, Peter Worrell is back on ice.
3:28 of 3rd period - Wrist shot by Sean Avery.
3:28 of 3rd period - Shot Misses the Net.
3:30 of 3rd period - Slapshot by Dan McGillis.
3:30 of 3rd period - Shot Misses the Net.
4:15 of 3rd period - Jonas Hoglund is hit by Kyle Calder and loses puck.
5:11 of 3rd period - Off-side.
5:12 of 3rd period - Boyd Devereaux wins face-off versus Matt Stajan in neutral zone.
5:21 of 3rd period - Wrist shot by Matt Stajan.
5:21 of 3rd period - Stopped by Niklas Backstrom with a rebound.
5:23 of 3rd period - Slapshot by Scott Niedermayer.
5:23 of 3rd period - Deflect By Matt Stajan.
5:23 of 3rd period - Shot Misses the Net.
5:23 of 3rd period - Puck is out of play.
5:24 of 3rd period - Jiri Hudler wins face-off versus Brendan Morrison in Sabres zone.
5:25 of 3rd period - Snap shot by Clarke MacArthur.
5:25 of 3rd period - Stopped by Niklas Backstrom with a rebound.
5:27 of 3rd period - Wrist shot by Jiri Hudler.
5:27 of 3rd period - Shot Blocked by Ole-Kristian Tollefsen.
5:29 of 3rd period - Slapshot by Mark Streit.
5:29 of 3rd period - Shot Misses the Net.
5:31 of 3rd period - Slapshot by Scott Niedermayer.
5:31 of 3rd period - Deflect By Jiri Hudler.
5:31 of 3rd period - Shot Blocked by Ole-Kristian Tollefsen.
5:31 of 3rd period - Puck is out of play.
5:32 of 3rd period - Jiri Hudler wins face-off versus Brendan Morrison in Sabres zone.
5:35 of 3rd period - Slapshot by Scott Niedermayer.
5:35 of 3rd period - Shot Blocked by Chris Simon.
5:37 of 3rd period - Wrist shot by Jiri Hudler.
5:37 of 3rd period - Stopped by Niklas Backstrom without a rebound.
5:38 of 3rd period - Mats Sundin wins face-off versus Matt Stajan in Sabres zone.
5:38 of 3rd period - Mats Sundin is hit by Jaromir Jagr.
5:46 of 3rd period - Snap shot by Mats Sundin.
5:46 of 3rd period - Stopped by Carey Price with a rebound.
5:48 of 3rd period - Backhand shot by Michal Rozsival.
5:48 of 3rd period - Shot Misses the Net.
5:50 of 3rd period - Slapshot by Jason Smith.
5:50 of 3rd period - Stopped by Carey Price without a rebound.
5:51 of 3rd period - Matt Stajan wins face-off versus Mats Sundin in Canucks zone.
6:11 of 3rd period - Minor Penalty to Scott Niedermayer for Hooking.
6:12 of 3rd period - Jaromir Jagr wins face-off versus Mats Sundin in Canucks zone.
6:46 of 3rd period - Wrist shot by Niclas Bergfors.
6:46 of 3rd period - Stopped by Carey Price without a rebound.
6:47 of 3rd period - Peter Worrell wins face-off versus Mats Sundin in Canucks zone.
6:52 of 3rd period - Snap shot by Mats Sundin.
6:52 of 3rd period - Shot Blocked by Derian Hatcher.
6:54 of 3rd period - Slapshot by Dan McGillis.
6:54 of 3rd period - Shot Blocked by Derian Hatcher.
6:58 of 3rd period - Wrist shot by Daniel Cleary.
6:58 of 3rd period - Shot Misses the Net.
7:41 of 3rd period - Snap shot by Mats Sundin.
7:41 of 3rd period - Shot Misses the Net.
7:43 of 3rd period - Slapshot by Markus Naslund.
7:43 of 3rd period - Shot Misses the Net.
8:11 of 3rd period - Penalty to Scott Niedermayer is over, Scott Niedermayer is back on ice.
8:21 of 3rd period - Snap shot by Daniel Paille.
8:21 of 3rd period - Stopped by Niklas Backstrom with a rebound.
8:27 of 3rd period - Snap shot by Erik Christensen.
8:27 of 3rd period - Shot Blocked by Jason Smith.
8:29 of 3rd period - Slapshot by Brent Sopel.
8:29 of 3rd period - Stopped by Niklas Backstrom with a rebound.
8:31 of 3rd period - Wrist shot by Erik Christensen.
8:31 of 3rd period - Shot Misses the Net.
8:33 of 3rd period - Slapshot by Brent Sopel.
8:33 of 3rd period - Stopped by Niklas Backstrom with a rebound.
8:35 of 3rd period - Snap shot by Erik Christensen.
8:35 of 3rd period - Stopped by Niklas Backstrom with a rebound.
8:37 of 3rd period - Wrist shot by Erik Christensen.
8:37 of 3rd period - Shot Misses the Net.
8:39 of 3rd period - Wrist shot by Daniel Paille.
8:39 of 3rd period - Stopped by Niklas Backstrom without a rebound.
8:40 of 3rd period - Rickard Wallin wins face-off versus Mats Sundin in Sabres zone.
8:49 of 3rd period - David Jones is hit by Mats Sundin and loses puck.
8:56 of 3rd period - Mattias Timander is hit by Fabian Brunnstrom and loses puck.
9:26 of 3rd period - Off-side.
9:27 of 3rd period - Jiri Hudler wins face-off versus Boyd Devereaux in neutral zone.
9:54 of 3rd period - Snap shot by Jaromir Jagr.
9:54 of 3rd period - Stopped by Niklas Backstrom with a rebound.
10:23 of 3rd period - Rickard Wallin is hit by Jason Smith.
11:07 of 3rd period - Dan McGillis is hit by Clarke MacArthur and loses puck.
11:20 of 3rd period - Dominic Moore is hit by Jonas Hoglund and loses puck.
12:09 of 3rd period - Wrist shot by Tomas Kopecky.
12:09 of 3rd period - Shot Misses the Net.
12:11 of 3rd period - Wrist shot by Kyle Calder.
12:11 of 3rd period - Stopped by Carey Price without a rebound.
12:12 of 3rd period - Mats Sundin wins face-off versus Matt Stajan in Canucks zone.
12:37 of 3rd period - Matt Stajan is hit by Brendan Morrison and loses puck.
15:18 of 3rd period - Minor Penalty to Dan McGillis for Hooking.
15:19 of 3rd period - Matt Stajan wins face-off versus Mats Sundin in Sabres zone.
15:26 of 3rd period - Backhand shot by Mark Streit.
15:26 of 3rd period - Goal by Mark Streit - Sabres : 1 - Canucks : 3.
15:27 of 3rd period - Rickard Wallin wins face-off versus Daniel Cleary in neutral zone.
15:32 of 3rd period - Slapshot by Scott Niedermayer.
15:32 of 3rd period - Stopped by Niklas Backstrom without a rebound.
15:33 of 3rd period - Mats Sundin wins face-off versus Rickard Wallin in Sabres zone.
15:33 of 3rd period - Mats Sundin is hit by Rickard Wallin.
15:41 of 3rd period - Slapshot by Scott Niedermayer.
15:41 of 3rd period - Stopped by Niklas Backstrom with a rebound.
16:18 of 3rd period - Icing by Jason Smith.
16:19 of 3rd period - Jiri Hudler wins face-off versus Brendan Morrison in Sabres zone.
16:47 of 3rd period - Off-side.
16:48 of 3rd period - Mats Sundin wins face-off versus Rickard Wallin in neutral zone.
16:53 of 3rd period - Slapshot by Dan McGillis.
16:53 of 3rd period - Shot Blocked by Mark Streit.
16:55 of 3rd period - Snap shot by Daniel Cleary.
16:55 of 3rd period - Shot Misses the Net.
16:57 of 3rd period - Snap shot by Mats Sundin.
16:57 of 3rd period - Stopped by Carey Price without a rebound.
16:58 of 3rd period - Rickard Wallin wins face-off versus Dominic Moore in Canucks zone.
17:03 of 3rd period - Snap shot by David Jones.
17:03 of 3rd period - Stopped by Niklas Backstrom without a rebound.
17:04 of 3rd period - Tomas Kopecky wins face-off versus Rickard Wallin in Sabres zone.
17:39 of 3rd period - Mats Sundin is hit by Mark Streit and loses puck.
17:56 of 3rd period - Slapshot by Clarke MacArthur.
17:56 of 3rd period - Stopped by Niklas Backstrom without a rebound.
17:57 of 3rd period - Jiri Hudler wins face-off versus Tomas Kopecky in Sabres zone.
18:46 of 3rd period - Minor Penalty to Jaromir Jagr for Slashing.
18:47 of 3rd period - Markus Naslund wins face-off versus Sheldon Keefe in Canucks zone.
18:48 of 3rd period - Wrist shot by Daniel Cleary.
18:48 of 3rd period - Shot Blocked by Peter Worrell.
18:50 of 3rd period - Slapshot by Daniel Cleary.
18:50 of 3rd period - Stopped by Carey Price without a rebound.
18:51 of 3rd period - Mats Sundin wins face-off versus Sheldon Keefe in Canucks zone.
19:00 of 3rd period - Snap shot by Markus Naslund.
19:00 of 3rd period - Stopped by Carey Price without a rebound.
19:01 of 3rd period - Daniel Cleary wins face-off versus Sheldon Keefe in Canucks zone.
19:10 of 3rd period - Snap shot by Markus Naslund.
19:10 of 3rd period - Shot Misses the Net.
19:12 of 3rd period - Slapshot by Michal Rozsival.
19:12 of 3rd period - Shot Misses the Net.
19:14 of 3rd period - Slapshot by Mats Sundin.
19:14 of 3rd period - Stopped by Carey Price without a rebound.
19:15 of 3rd period - Sheldon Keefe wins face-off versus Mats Sundin in Canucks zone.
19:24 of 3rd period - Slapshot by Michal Rozsival.
19:24 of 3rd period - Shot Misses the Net.
19:30 of 3rd period - Snap shot by Markus Naslund.
19:30 of 3rd period - Deflect By Mats Sundin.
19:30 of 3rd period - Shot Blocked by Scott Niedermayer.
19:30 of 3rd period - Puck is out of play.
19:31 of 3rd period - Sheldon Keefe wins face-off versus Mats Sundin in Canucks zone.
19:58 of 3rd period - Erik Christensen is hit by Brendan Morrison and loses puck.
Output by the SimonT Hockey Simulator (STHS) for François Prévost -- Original Page W3C XHTML 1.0 Valid